 Dungeon Crawl Stone Soup version 0.10.4 character file.

1064 Peloso the Shield-Bearer (level 7, -17/60 HPs)
             Began as a Minotaur Fighter on Aug 31, 2019.
             Demolished by Menkaure (19 damage)
             ... on Level 5 of the Dungeon.
             The game lasted 00:18:31 (4542 turns).

Peloso the Shield-Bearer (Minotaur Fighter)         Turns: 4542, Time: 00:18:31

HP -17/60        AC 12     Str 21      XL: 7   Next: 75%
MP   2/2         EV  4     Int  5      God:
Gold 258         SH 21     Dex 11      Spells:  0 memorised,  6 levels left

Res.Fire  : . . .   See Invis. : .   a - +0,+1 falchion
Res.Cold  : . . .   Warding    : . . w - +0 plate armour
Life Prot.: . . .   Conserve   : .   c - +0 shield (curse)
Res.Acid. : + . .   Res.Corr.  : +   (helmet restricted)
Res.Poison: .       Clarity    : .   (no cloak)
Res.Elec. : .       Spirit.Shd : .   (no gloves)
Sust.Abil.: . .     Stasis     : .   (no boots)
Res.Mut.  : .       Ctrl.Telep.: .   j - amulet of resist corrosion
Res.Rott. : .       Levitation : .   (no ring)
Saprovore : . . .   Ctrl.Flight: .   b - ring of wizardry

@: slightly resistant to hostile enchantments, extremely unstealthy
A: retaliatory headbutt, horns 2
a: no special abilities


You were on level 5 of the Dungeon.
You were very hungry.

You visited 1 branch of the dungeon, and saw 5 of its levels.
You visited 1 portal chamber: sewer.

You collected 238 gold pieces.

Inventory:

Hand weapons
 a - a +0,+1 falchion (weapon)
Armour
 c - a cursed +0 shield (worn)
 w - a +0 plate armour (worn)
Magical devices
 n - a wand of polymorph other (9) {unknown}
Comestibles
 d - 3 bread rations
 h - a pear
 o - a meat ration
 q - 2 rotting chunks of hound flesh
 r - 2 rotting chunks of goblin flesh
Scrolls
 e - 3 scrolls of remove curse
 k - a scroll of fear
 p - 4 scrolls of identify
 t - a scroll of amnesia
 u - 2 scrolls of enchant armour
 v - a scroll of enchant weapon I {unknown}
 x - a scroll of detect curse {unknown}
 y - a scroll of fog {unknown}
 z - a scroll of recharging {unknown}
 A - a scroll of enchant weapon II
 B - a scroll of magic mapping {unknown}
Jewellery
 b - a ring of wizardry (left hand)
 j - an amulet of resist corrosion (around neck)
Potions
 f - 2 potions of brilliance
 g - 3 potions of agility
 i - 9 potions of heal wounds
 l - 2 potions of curing
 m - a potion of levitation
 s - 5 potions of might


   Skills:
 + Level 5.1 Fighting
 + Level 4.4 Long Blades
 + Level 5.8 Armour
 + Level 4.0 Dodging
 + Level 0.3 Stealth
 + Level 6.9 Shields
 + Level 0.4 Traps & Doors


You had 6 spell levels left.
You didn't know any spells.

Dungeon Overview and Level Annotations

Branches:
Dungeon (5/27)
 Temple: D:4-7

Altars:
Ashenzari
Yredelemnul

Annotations
D:5 Menkaure


Innate Abilities, Weirdness & Mutations

You reflexively headbutt those who attack you in melee.
You have a pair of horns on your head.


Message History

You see here a scroll labeled THO GORGHOCHI.
Menkaure shouts!
You hit the goblin.
The goblin is heavily wounded.
Menkaure mumbles some strange words.
Menkaure seems to speed up.
The goblin hits you but does no damage.
You miss the goblin. Your headbutt misses the goblin.
The goblin is heavily wounded.
Menkaure calls on the powers of darkness!
Your body is wracked with pain!
You block the goblin's attack.
You hit the goblin.
You kill the goblin!
Menkaure hits you!
* * * LOW HITPOINT WARNING * * *
Menkaure giggles, "These cerements are ticklish..."
Menkaure hits you!
* * * LOW HITPOINT WARNING * * *
You see here an orcish dagger.
You hit Menkaure but do no damage. Menkaure hits you!
You die...

#..# #..# #.<#
#%.# #))# #^.#
#..### #
#....#########..#
#........?.@M...#
#....#########.##
#...%########
#............
#....########
#....# #....#
#....# #....#


You could see Menkaure.

Vanquished Creatures
  An ogre (D:5)
  2 big kobolds (Port)
  A killer bee zombie (D:5)
  A crimson imp (D:5)
  3 hounds
  A worker ant (D:4)
  3 orc wizards (D:5)
  Terence (D:2)
  4 green rats (Port)
  10 adders
  A giant mite (D:4)
  20 grey rats
  2 giant geckos
  8 orcs
  13 goblins
  18 hobgoblins
  26 kobolds
  A quokka (D:3)
  6 ball pythons
  11 bats
  5 giant cockroaches
  6 giant newts
  8 rats
  2 toadstools
154 creatures vanquished.

Vanquished Creatures (others)
  9 toadstools
9 creatures vanquished.

Grand Total: 163 creatures vanquished

Notes
Turn   | Place    | Note
--------------------------------------------------------------
     0 | D:1      | Peloso, the Minotaur Fighter, began the quest for the Orb.
     0 | D:1      | Reached XP level 1. HP: 19/19 MP: 0/0
   106 | D:1      | Reached skill level 4 in Fighting
   184 | D:1      | Reached XP level 2. HP: 27/27 MP: 0/0
   670 | D:1      | Reached XP level 3. HP: 33/33 MP: 1/1
   864 | D:2      | Noticed Terence
   882 | D:2      | Killed Terence
   931 | D:2      | Reached skill level 1 in Dodging
  1428 | D:3      | Reached XP level 4. HP: 38/40 MP: 1/1
  1441 | D:3      | Found a basalt altar of Yredelemnul.
  2658 | D:4      | Reached XP level 5. HP: 46/46 MP: 1/1
  3172 | D:4      | Found a glowing drain. 3187
                  | sewer
                  | Entered the sewers 3323
                  | sewer
                  | Reached XP level 6. HP: 31/53 MP: 2/2 3496
                  | sewer
                  | Reached skill level 5 in Armour 3496
                  | sewer
                  | Reached skill level 5 in Shields 3497
                  | sewer
                  | Reached skill level 5 in Fighting 3776
                  | sewer
                  | Reached XP level 7. HP: 26/60 MP: 2/2
  3954 | D:4      | Found a shattered altar of Ashenzari.
  4085 | D:5      | Entered Level 5 of the Dungeon
  4103 | D:5      | Reached skill level 6 in Shields
  4537 | D:5      | Noticed Menkaure
  4541 | D:5      | HP: 2/60 [Menkaure (12)]
  4542 | D:5      | Demolished by Menkaure
